 Dungeon Crawl Stone Soup version 0.28-a0-385-g79de503ca0 (webtiles) character file.

Game seed: 16302748763523011867

31 Decipherer the Skirmisher (level 3, 0/30 HPs)
             Began as a Formicid Abyssal Knight on Sept 3, 2021.
             Was a Follower of Lugonu.
             Slain by a hobgoblin (2 damage)
             ... on level 2 of the Dungeon.
             The game lasted 00:01:11 (1139 turns).

Decipherer the Skirmisher (Formicid Abyssal Knight) Turns: 1139, Time: 00:01:12

Health: 0/30       AC:  3    Str: 16    XL:     3   Next: 40%
Magic:  4/4        EV: 11    Int: 11    God:    Lugonu [*.....]
Gold:   7          SH:  0    Dex: 11    Spells: 2/2 levels left

rFire   . . .      SeeInvis +   a - +1 hand axe
rCold   . . .      Faith    .   (no shield)
rNeg    . . .      Spirit   .   b - +0 leather armour
rPois   .          Reflect  .   (helmet unavailable)
rElec   .          Harm     .   (no cloak)
rCorr   .          Rampage  .   (no gloves)
Will    .....                   (no boots)
Stlth   +.........              (no amulet)
HPRegen 0.10/turn               (no ring)
MPRegen 0.09/turn               (no ring)

@: no status effects
A: permanent stasis, dig shafts and tunnels, antennae 3, four strong arms
a: Dig, Shaft Self, Renounce Religion, Depart the Abyss


You were on level 2 of the Dungeon.
You worshipped Lugonu.
Lugonu was aware of your devotion.
You visited 1 branch of the dungeon, and saw 2 of its levels.
You visited the Abyss 1 time.

You collected 7 gold pieces.

Inventory:

Hand Weapons
 a - a +1 hand axe (weapon)
Armour
 b - a +0 leather armour (worn)


   Skills:
 + Level 3.8 Fighting
 + Level 2.6 Axes
 + Level 2.5 Armour
 + Level 1.0 Dodging
 + Level 0.3 Stealth
 + Level 2.4 Invocations


You had 2 spell levels left.
You didn't know any spells.
Your spell library contained the following spells:

 Spells                   Type           Power      Damage    Failure   Level
 Stone Arrow              Conj/Erth      0%         3d7       77%         3
 Animate Armour           Summ/Erth      0%         N/A       99%         4
 Lehudib's Crystal Spear  Conj/Erth      0%         10d2      100%        8


Dungeon Overview and Level Annotations

Branches:
Dungeon (2/15)

Altars:


Innate Abilities, Weirdness & Mutations

You cannot be hasted, slowed, berserked, paralysed or teleported.
You can dig through walls and to a lower floor.
You have a pair of large antennae on your head. (SInv)
Your four strong arms can wield two-handed weapons with a shield.


Message History

The adder closely misses you.
You miss the adder.
The adder is severely wounded.
The adder bites you but does no damage. x2
You hit the adder.
You kill the adder!
Lugonu accepts your kill. The adder misses you.
You closely miss the adder. The adder bites you.
You hit the adder but do no damage. The adder bites you.
You are poisoned.
The adder poisons you! The adder bites you.
You miss the adder.
You feel sick. The adder bites you.
You hit the adder.
The adder is lightly wounded.
You feel sick. The adder bites you. The adder closely misses you.
You closely miss the adder.
You feel sick. The adder barely misses you.
You miss the adder.
You feel sick. The adder bites you. The adder bites you but does no damage.
You miss the adder.
You feel sick.
You are no longer poisoned.
The adder barely misses you.
You barely miss the adder. The adder barely misses you.
The adder closely misses you.
You hit the adder.
The adder is moderately wounded.
The adder bites you.
* * * LOW HITPOINT WARNING * * *
The adder bites you.
* * * LOW HITPOINT WARNING * * *
Found a scroll of identify.
A hobgoblin comes into view.
Found a stone staircase leading down.
The hobgoblin shouts!
The adder closely misses you. The adder closely misses you.
The hobgoblin hits you.
* * * LOW HITPOINT WARNING * * *
The hobgoblin hits you.
You die...

#.# #.# # ########.#
.# #........####+#.#
#.#######.....?.# #.#
#.......# ...###.#####
#.S.....# .......<...#
#Sg.....# ...........#
#..@....#
.S..........##.......#
............+....#+#+#
......###...###...
...... ...# #....
...... .### #.....
...... .# #......
##+#+#+#


You could see an adder, a hobgoblin and a ball python.

Vanquished Creatures
  An adder (D:2)
  A ball python (D:1)
  3 endoplasms (D:1)
  A giant cockroach (D:1)
  2 goblins (D:1)
  2 hobgoblins (D:1)
  5 kobolds (D:1)
  2 bats (D:1)
  A frilled lizard (D:1)
  3 rats (D:1)
21 creatures vanquished.

Vanquished Creatures (others)
  13 plants (D:1)
13 creatures vanquished.

Grand Total: 34 creatures vanquished

Notes
Turn   | Place    | Note
-------+----------+-------------------------------------------
     0 | Abyss:1  | Decipherer the Formicid Abyssal Knight began the quest for
                  | the Orb.
     0 | Abyss:1  | Reached XP level 1. HP: 18/18 MP: 2/2
    22 | Abyss:1  | Found an ornate altar of the Wu Jian Council.
    29 | D:1      | Escaped the Abyss
   171 | D:1      | Reached XP level 2. HP: 16/24 MP: 3/3
   693 | D:1      | Reached XP level 3. HP: 16/30 MP: 4/4
   854 | D:1      | Reached skill level 1 in Dodging
  1139 | D:2      | Slain by a hobgoblin

Illustrated notes

Levels and vault maps discovered:
D:1:      minmay_arrival_checkered_box, layout_basic, lexackson_kobold_supper
D:2:      layout_basic, shapermc_ecumenical_altar_gd

Skill      XL: |  1  2  3 |
---------------+----------+-----
Dodging        | 1 |  1.0
Fighting       | |  3.8
Axes           | |  2.6
Armour         | |  2.5
Stealth        | |  0.3
Invocations    | |  2.4

Action                   || total
-------------------------++-------
Melee: Hand axe          ||    59
  Use: Scroll            ||     1
Armor: Leather armour    ||    20
Dodge: Dodged            ||    46

Table legend: (Time is in decaauts)
 A = Elapsed time spent in this place.
 B = Non-inter-level travel time spent in this place.
 C = Inter-level travel time spent in this place.
 D = Time resting spent in this place.
 E = Time spent auto-exploring this place.
 F = Levels seen in this place.
 G = Mean time per level.
                   A        B        C        D        E       F      G
               +--------+--------+--------+--------+--------+-----+--------+
         Total |   1149 |   1137 |     12 |      0 |    952 |   3 |  383.0 |
       Dungeon |   1120 |   1108 |     12 |      0 |    928 |   2 |  560.0 |
         Abyss |     29 |     29 |      0 |      0 |     24 |   1 |   29.0 |
               +--------+--------+--------+--------+--------+-----+--------+

Top non-repeatable levels by time:
     D:1: 1088 daAuts
     D:2: 31 daAuts
 Abyss:1: 29 daAuts
